 Dungeon Crawl Stone Soup version 0.31.0-9-g3a7656b989 (webtiles) character file.

Game seed: 16385814517209675449

77 qw the Shooter (level 4, -3/25 HPs)
             Began as a Deep Elf Hunter on Feb 2, 2024.
             Slain by a hobgoblin (5 damage)
             ... led by Robin
             ... on level 2 of the Dungeon.
             The game lasted 00:00:04 (719 turns).

qw the Shooter (Deep Elf Hunter)                     Turns: 719, Time: 00:00:05

Health: -3/25      AC:  5    Str: 10    XL:     4   Next: 13%
Magic:  6/6        EV: 11    Int: 14    God:
Gold:   37         SH:  0    Dex: 18    Spells: 3/3 levels left

rFire   . . .        a - +0 shortbow
rCold   . . .        (shield currently unavailable)
rNeg    . . .        h - +0 ring mail
rPois   .            (no helmet)
rElec   .            (no cloak)
rCorr   .            (no gloves)
SInv    .            (no boots)
Will    .....        (no amulet)
Stlth   +            (no ring)
HPRegen 0.24/turn    (no ring)
MPRegen 0.10/turn

%: no passive effects
@: no status effects
A: no striking features
a: no special abilities


You were on level 2 of the Dungeon.
You visited 1 branch of the dungeon, and saw 2 of its levels.

You collected 37 gold pieces.


   Skills:
 - Level 1.5 Fighting
 + Level 7.5 Ranged Weapons
 - Level 2.4 Dodging
 - Level 1.2 Stealth


You had 3 spell levels left.
You didn't know any spells.
Your spell library was empty.

Inventory:

Hand Weapons
 a - a +0 shortbow (weapon)
Armour
 h - a +0 ring mail (worn)
Scrolls
 b - a scroll of identify
 c - a scroll of teleportation {unknown}
 d - a scroll of enchant weapon {unknown}
 e - a scroll of fear {unknown}
Potions
 f - a potion of lignification {unknown}
 i - a potion of cancellation {unknown}

Dungeon Overview and Level Annotations

Branches:
Dungeon (2/15)

Altars:


Message History

You shoot an arrow. The arrow hits the hobgoblin.
You kill the hobgoblin!
You shoot an arrow. The arrow barely misses the goblin.
The arrow hits Robin but does no damage.
You shoot an arrow. The arrow misses the goblin.
The arrow hits Robin.
Robin is moderately wounded.
A hobgoblin comes into view. x2
A goblin comes into view. It is wielding a +0 dagger.
You shoot an arrow. The hobgoblin shouts!
The arrow hits the goblin.
The goblin is moderately wounded.
You hear a shout!
The goblin hits you with a +0 dagger.
You shoot an arrow. The arrow hits Robin.
Robin is heavily wounded.
A goblin comes into view. It is wielding a +0 club.
The goblin barely misses you.
A hobgoblin comes into view.
You shoot an arrow.
The arrow hits Robin but does no damage.
Robin is heavily wounded.
A goblin comes into view. It is wielding a +0 club.
The goblin barely misses you. Robin throws the goblin at you!
You shoot an arrow. The arrow barely misses Robin.
The goblin hits you but does no damage. The hobgoblin hits you. x2
Robin throws the goblin at you! The goblin hits you with a +0 dagger.
You shoot an arrow.
The arrow hits Robin but does no damage.
Robin is heavily wounded.
The goblin closely misses you. Robin hits you with a +0 whip.
The goblin hits you with a +0 dagger. The hobgoblin hits you. x2
The hobgoblin completely misses you. The goblin closely misses you.
The hobgoblin hits you but does no damage.
Robin completely misses you. The goblin hits you but does no damage.
The goblin closely misses you.
You shoot an arrow. The arrow hits Robin!
You kill Robin!
The goblin closely misses you. The hobgoblin misses you.
The hobgoblin hits you.
You die...

#.......##...### #.~~~
#.#.(......###...# #P..P
......#..#.# ###.####.#.
.P¤P....##.# #...##...
.¤¤P¤¤...#.#######.##.##
..¤¤¤.........# #......
.¤¤¤¤¤........######..#.
#¤¤...g...........##.#..
#....g@g....####......#
#...gggg....####.#)####
#.##..g..............##
. #...........###.....
#................###
...%................
)>................###
.#.................# #
......>.#### #


You could see 3 hobgoblins and 5 goblins.

Vanquished Creatures
  A hound skeleton (D:2)
  Robin (D:2)
  2 adders (D:2)
  An adder zombie (D:2)
  6 bats
  A bat skeleton (D:2)
  3 endoplasms
  2 giant cockroaches (D:1)
  3 hobgoblins
  2 jackals (D:1)
  2 quokkas (D:2)
  5 ball pythons
  2 ball python zombies (D:2)
  A frilled lizard (D:1)
  4 goblins
  3 kobolds (D:1)
  A quokka skeleton (D:2)
  3 rats (D:1)
43 creatures vanquished.

Notes
Turn   | Place    | Note
-------+----------+-------------------------------------------
     0 | D:1      | qw the Deep Elf Hunter began the quest for the Orb.
     0 | D:1      | Reached XP level 1. HP: 12/12 MP: 3/3
     0 | D:1      | 0 ||| qw: Version: 0.3-a-155-g5e7d8dd
     0 | D:1      | 0 ||| qw: Game counter: 505
     0 | D:1      | 0 ||| qw: Melee chars always use a shield: true
     0 | D:1      | 0 ||| qw: God list: Okawaru
     0 | D:1      | 0 ||| qw: Allow faded altars: false
     0 | D:1      | 0 ||| qw: Do Orc after clearing Dungeon:15 true
     0 | D:1      | 0 ||| qw: Do second Lair branch before Depths: true
     0 | D:1      | 0 ||| qw: Lair rune preference: random
     0 | D:1      | 0 ||| qw: Goals: Normal
     0 | D:1      | 0 ||| PLANNING D:1-11
   112 | D:1      | Reached skill level 6 in Ranged Weapons
   112 | D:1      | Reached XP level 2. HP: 16/16 MP: 4/4
   383 | D:1      | 383 ||| UPGRADING to +0 ring mail.
   393 | D:1      | 393 ||| DROPPING +0 leather armour.
   394 | D:1      | 394 ||| DROPPING ring of flight.
   395 | D:1      | 395 ||| READING scroll labelled XIFUFE DEEL.
   395 | D:1      | 395 ||| IDENTIFYING black potion
   396 | D:1      | 396 ||| DROPPING scroll of butterflies.
   397 | D:1      | 397 ||| DROPPING potion of brilliance.
   426 | D:2      | Reached XP level 3. HP: 20/20 MP: 5/5
   485 | D:2      | Reached skill level 7 in Ranged Weapons
   563 | D:2      | Reached XP level 4. HP: 12/25 MP: 6/6
   709 | D:2      | Noticed Robin
   718 | D:2      | HP: 2/25 [hobgoblin[Robin] (6)]
   719 | D:2      | Killed Robin
   719 | D:2      | Slain by a hobgoblin

Levels and vault maps discovered:
D:1:      minmay_arrival_doors, layout_rooms
D:2:      layout_rooms, serial_undead, serial_undead_d, serial_undead_d,
          serial_undead_a, serial_undead_e, serial_undead_b, serial_undead_e,
          serial_undead_f, serial_undead_b, uniq_robin

Skill      XL: |  1  2  3 |
---------------+----------+-----
Ranged Weapons | 6 7 |  7.5
Fighting       | |  1.5
Dodging        | |  2.4
Stealth        | |  1.2

Action                     |  1- 3 |  4- 6 || total
---------------------------+-------+-------++-------
   Fire: Shortbow          |   115 |    24 ||   139
    Use: Scroll            |     1 |       ||     1
 Armour: Leather armour    |     9 |       ||     9
         Ring mail         |    35 |    14 ||    49
  Dodge: Dodged            |    50 |     9 ||    59

Table legend:
 A = Non-vault XP
 B = Vault XP
 C = Vault XP percentage of total XP
 D = Non-vault monster count
 E = Vault monster count
 F = Vault count percentage of total count
                 A         B        C        D         E       F
            +---------+---------+-------+---------+---------+-------
      Total |      77 |      49 |  38.9 |      34 |       9 |  20.9
            +---------+---------+-------+---------+---------+-------
        D:1 |      40 |       0 |   0.0 |      26 |       0 |   0.0
        D:2 |      37 |      49 |  57.0 |       8 |       9 |  52.9
            +---------+---------+-------+---------+---------+-------
